 Dungeon Crawl Stone Soup version 0.27-a0-1334-g2746e35aca (webtiles) character file.

Game seed: 10975535460289183716

246 Delamore the Sneak (level 6, -2/42 HPs)
             Began as an Octopode Brigand on June 26, 2021.
             Was an Initiate of Gozag.
             Slain by a vampire mosquito (10 damage)
             ... on level 4 of the Dungeon.
             The game lasted 00:03:35 (4028 turns).

Delamore the Sneak (Octopode Brigand)               Turns: 4028, Time: 00:03:36

Health: -2/42      AC:  1    Str: 10    XL:     6   Next: 11%
Magic:  6/6        EV: 13    Int: 13    God:    Gozag
Gold:   222        SH:  0    Dex: 16    Spells: 5/5 levels left

rFire    . . .     SeeInvis .   a - +3 dagger
rCold    . . .     Faith    .   (no shield)
rNeg     . . .     Spirit   .   (helmet restricted)
rPois    .         Reflect  .   (no amulet)
rElec    .         Harm     .   (no ring)
rCorr    .         Rampage  .   (no ring)
Will     .....                  (no ring)
Stlth    ++++......             (no ring)
HPRegen  0.14/turn              (no ring)
MPRegen  0.10/turn              (no ring)
                                (no ring)
                                (no ring)

@: about to teleport
A: almost no armour, amphibious, 8 rings, camouflage 1, gelatinous body 1,
(nimble swimmer 1), tentacles
a: Renounce Religion, Potion Petition, Call Merchant, Bribe Branch


You were on level 4 of the Dungeon.
You worshipped Gozag.
Gozag was aware of your devotion.
You visited 2 branches of the dungeon, and saw 6 of its levels.

You collected 256 gold pieces.
You paid 34 gold pieces to Gozag.

Inventory:

Hand Weapons
 a - a +3 dagger (weapon)
Missiles
 b - 24 poisoned darts (quivered)
 c - 2 curare-tipped darts
 f - 4 atropa-tipped darts
 g - 4 boomerangs
Jewellery
 d - an amulet of magic regeneration
 h - a ring of ice
 k - a ring of fire
Wands
 n - a wand of acid (5)
Scrolls
 e - a scroll of teleportation
 i - a scroll of fog {unknown}
 j - a scroll of vulnerability {unknown}
 l - 3 scrolls of magic mapping
 p - a scroll of identify {unknown}
 q - a scroll of enchant weapon
Potions
 m - a potion of haste {unknown}
 o - a potion of heal wounds


   Skills:
 + Level 3.0 Fighting
 * Level 3.9 Short Blades
 - Level 3.0 Throwing
 + Level 2.1 Dodging
 + Level 6.4 Stealth
 + Level 0.8 Evocations


You had 5 spell levels left.
You didn't know any spells.
Your spell library was empty.

Dungeon Overview and Level Annotations

Branches:
Dungeon (5/15)             Temple (1/1) D:4

Altars:
Dithmenos
Fedhas
Gozag
Hepliaklqana
Nemelex Xobeh
Wu Jian
Xom

Shops:
D:5 [


Innate Abilities, Weirdness & Mutations

You cannot wear most types of armour.
You are amphibious.
You can wear up to eight rings at the same time.
Your skin changes colour to match your surroundings (Stealth+).
Your rubbery body absorbs attacks. (AC +1, EV +1)
((You are camouflaged near water. (Stealth+)))
You have tentacles for arms and can constrict up to eight enemies at once.


Message History

You hear a shout!
A gnoll comes into view.
The vampire mosquito barely misses you. The vampire mosquito bites you.
The vampire mosquito draws strength from your injuries!
The vampire mosquito bites you but does no damage.
The vampire mosquito bites you.
The vampire mosquito draws strength from your injuries!
The vampire mosquito barely misses you. The vampire mosquito bites you.
The vampire mosquito draws strength from your injuries!
The vampire mosquito misses you. The vampire mosquito barely misses you.
The vampire mosquito closely misses you.
The vampire mosquito bites you!
The vampire mosquito draws strength from your injuries!
There is a stone staircase leading up here.
The vampire mosquito bites you.
The vampire mosquito draws strength from your injuries!
The vampire mosquito bites you.
The vampire mosquito draws strength from your injuries!
The vampire mosquito misses you. x2
You climb upwards.
There is a stone staircase leading down here.
As you read the scroll of teleportation, it crumbles to dust.
You feel strangely unstable. The vampire mosquito misses you.
The vampire mosquito bites you!
* * * LOW HITPOINT WARNING * * *
The vampire mosquito draws strength from your injuries!
The vampire mosquito barely misses you. The vampire mosquito bites you!
* * * LOW HITPOINT WARNING * * *
The vampire mosquito draws strength from your injuries!
It was a potion of heal wounds.
You feel much better. The vampire mosquito barely misses you.
The vampire mosquito bites you!
The vampire mosquito draws strength from your injuries!
The vampire mosquito bites you!
* * * LOW HITPOINT WARNING * * *
The vampire mosquito draws strength from your injuries!
The vampire mosquito bites you!
You die...
Your body crumbles into a pile of gold.

########.# #)..# # #.# #[).# #
#.###########...# #
#.#.............# #
#.#.............# #
#.#.............#### #
#.#................#
########.#..........##....#######
................@...+............
...............y.y..#############
####.###.#..........#
.......#.####'####### ####.#.#.#
#.# #.#.#)# #.###### ####.#.#.#
#.#....# .......#.# #.#....#
..##.###.# #.#....#


You could see 2 vampire mosquitoes.

Vanquished Creatures
  3 orc priests
  A hound (D:2)
  2 orc wizards (D:4)
  2 adders
  6 orcs
  4 ball pythons
  3 bats (D:2)
  6 endoplasms
  2 giant cockroaches
  2 hobgoblins
  4 jackals (D:3)
  3 frilled lizards
  6 goblins
  5 kobolds
  5 rats
54 creatures vanquished.

Vanquished Creatures (others)
  11 plants (D:2)
  8 withered plants (D:2)
19 creatures vanquished.

Grand Total: 73 creatures vanquished

Notes
Turn   | Place    | Note
-------+----------+-------------------------------------------
     0 | D:1      | Delamore the Octopode Brigand began the quest for the Orb.
     0 | D:1      | Reached XP level 1. HP: 14/14 MP: 1/1
   752 | D:2      | Reached XP level 2. HP: 19/19 MP: 2/2
  1076 | D:2      | Reached XP level 3. HP: 25/25 MP: 3/3
  1188 | D:2      | Found a faded altar of an unknown god.
  1571 | D:2      | Reached XP level 4. HP: 30/30 MP: 4/4
  1733 | D:2      | Reached skill level 6 in Stealth
  2102 | D:3      | Reached XP level 5. HP: 27/35 MP: 5/5
  2964 | D:4      | Found a staircase to the Ecumenical Temple.
  2970 | Temple   | Entered the Ecumenical Temple
  3119 | Temple   | Became a worshipper of Gozag Ym Sagoz the Greedy
  3414 | D:4      | Reached XP level 6. HP: 19/42 MP: 6/6
  3960 | D:5      | Entered Level 5 of the Dungeon
  3980 | D:5      | Found Cabram's Antique Armour Emporium.
  4008 | D:5      | Noticed a vampire mosquito
  4013 | D:5      | Noticed a vampire mosquito
  4027 | D:4      | HP: 1/42 [vampire mosquito (9)]
  4028 | D:4      | Slain by a vampire mosquito

Illustrated notes

Levels and vault maps discovered:
D:1:      psy_arrival_radial01, layout_loops_cross, serial_bayou_pond_e,
          amcnicky_mini_pool_small
D:2:      layout_basic, shapermc_ecumenical_altar_flowoftime
D:3:      layout_basic
D:4:      layout_basic, minmay_temple_entry_proselytizer
D:5:      layout_cave_pools, good_gods_temple_1, led_sif_book, serial_shops,
          shop_coins, serial_gnoll_camp, gnoll_camp_mini_doghouse,
          gnoll_camp_mini_hut, gnoll_camp_mini_hut, gnoll_camp_medium_01,
          gnoll_camp_mini_house, gnoll_camp_medium_02
Temple:   dpeg_chambers_temple

Skill      XL: |  1  2  3  4  5 |
---------------+----------------+-----
Short Blades   | 3 |  3.9
Stealth        | 6 |  6.4
Dodging        | 2 |  2.1
Throwing       | 3 |  3.0
Fighting       | 3 |  3.0
Evocations     | |  0.8

Action                   |  1- 3 |  4- 6 || total
-------------------------+-------+-------++-------
Melee: Dagger            |    29 |    61 ||    90
       Constrict         |     2 |    12 ||    14
       Tentacles         |     2 |    12 ||    14
Throw: Dart              |       |    13 ||    13
Evoke: Wand              |       |     1 ||     1
  Use: Scroll            |       |     4 ||     4
       Potion            |       |     1 ||     1
 Stab: Sleeping          |    11 |     9 ||    20
       Distracted        |     1 |       ||     1
Armor: Skin              |       |     2 ||     2
Dodge: Dodged            |    10 |    38 ||    48

Table legend: (Time is in decaauts)
 A = Elapsed time spent in this place.
 B = Non-inter-level travel time spent in this place.
 C = Inter-level travel time spent in this place.
 D = Time resting spent in this place.
 E = Time spent auto-exploring this place.
 F = Levels seen in this place.
 G = Mean time per level.
                   A        B        C        D        E       F      G
               +--------+--------+--------+--------+--------+-----+--------+
         Total |   4013 |   3808 |    205 |    572 |   2849 |   6 |  668.8 |
       Dungeon |   3837 |   3695 |    142 |    572 |   2738 |   5 |  767.4 |
        Temple |    176 |    113 |     63 |      0 |    111 |   1 |  176.0 |
               +--------+--------+--------+--------+--------+-----+--------+

Top non-repeatable levels by time:
     D:4: 1335 daAuts
     D:2: 1147 daAuts
     D:1: 726 daAuts
     D:3: 562 daAuts
  Temple: 176 daAuts
     D:5: 65 daAuts
